[Event "FICS rated blitz game"]
[Site "FICS freechess.org"]
[FICSGamesDBGameNo "20003086"]
[White "MoveWatcher"]
[Black "Pedu"]
[WhiteElo "1644"]
[BlackElo "1729"]
[WhiteRD "na"]
[BlackRD "na"]
[TimeControl "180+0"]
[Date "1999.10.26"]
[Time "07:57:00"]
[WhiteClock "0:03:00.000"]
[BlackClock "0:03:00.000"]
[ECO "C01"]
[PlyCount "96"]
[Result "0-1"]

1. e4 e6 2. d4 d5 3. exd5 exd5 4. Bd3 Bd6 5. Ne2 Bg4 6. f3 Bh5 7. O-O Qh4 8. g3 Qf6 9. f4 Ne7 10. Be3 O-O 11. Nbc3 c6 12. Qd2 Nf5 13. Bxf5 Qxf5 14. Kg2 Bg4 15. Ng1 Qd7 16. h3 Be6 17. g4 f5 18. g5 Qf7 19. Nf3 Qh5 20. Qf2 Nd7 21. Qh4 Qxh4 22. Nxh4 Nb6 23. b3 Rae8 24. Rae1 Bd7 25. Bd2 Rxe1 26. Rxe1 g6 27. Kf3 Re8 28. Rxe8+ Bxe8 29. Ng2 Bd7 30. Ne3 Kf7 31. h4 Nc8 32. Na4 Ne7 33. Nc5 Bxc5 34. dxc5 Ng8 35. Bc3 h6 36. Be5 hxg5 37. hxg5 b6 38. c4 dxc4 39. cxb6 axb6 40. Nxc4 Ne7 41. Nd6+ Ke6 42. Nb7 Nd5 43. a4 Nb4 44. Nd8+ Ke7 45. Bf6+ Kd6 46. Nb7+ Kd5 47. a5 bxa5 48. Bd8 Nd3 {White forfeits on time} 0-1

[Event "FICS rated blitz game"]
[Site "FICS freechess.org"]
[FICSGamesDBGameNo "20003084"]
[White "Milla"]
[Black "GrizzlieAdams"]
[WhiteElo "1015"]
[BlackElo "1083"]
[WhiteRD "na"]
[BlackRD "na"]
[TimeControl "600+0"]
[Date "1999.10.26"]
[Time "05:49:00"]
[WhiteClock "0:10:00.000"]
[BlackClock "0:10:00.000"]
[ECO "B70"]
[PlyCount "46"]
[Result "0-1"]

1. e4 c5 2. Nf3 d6 3. d4 cxd4 4. Nxd4 Nf6 5. Nc3 g6 6. Be2 Bg7 7. O-O O-O 8. f4 Nc6 9. Be3 Nxd4 10. Bxd4 Bd7 11. e5 dxe5 12. Bxe5 Qb6+ 13. Kh1 Rfd8 14. Nd5 Nxd5 15. Bxg7 Nxf4 16. Rxf4 Kxg7 17. b3 Qc6 18. Qd4+ Kg8 19. c4 Bh3 20. Qg1 Rd2 21. Bf3 Qd6 22. gxh3 Qxf4 23. Bxb7 Rad8 {White forfeits on time} 0-1

[Event "FICS rated blitz game"]
[Site "FICS freechess.org"]
[FICSGamesDBGameNo "20003083"]
[White "Hugi"]
[Black "mansenglund"]
[WhiteElo "1420"]
[BlackElo "1364"]
[WhiteRD "na"]
[BlackRD "na"]
[TimeControl "180+0"]
[Date "1999.10.26"]
[Time "05:16:00"]
[WhiteClock "0:03:00.000"]
[BlackClock "0:03:00.000"]
[ECO "A00"]
[PlyCount "57"]
[Result "1-0"]

1. b4 d5 2. Bb2 e6 3. e3 Nf6 4. b5 Be7 5. Nf3 O-O 6. Be2 c5 7. c4 dxc4 8. Bxc4 Bd7 9. a4 a6 10. O-O axb5 11. axb5 Rxa1 12. Bxa1 b6 13. d4 Qc7 14. Na3 Bd6 15. Qd3 Rc8 16. Rc1 Qb7 17. Bb2 Nd5 18. Ng5 g6 19. e4 Nb4 20. Qb3 Be7 21. dxc5 Rxc5 22. Nxe6 Bxe6 23. Bxe6 Rxc1+ 24. Bxc1 fxe6 25. Qxe6+ Kf8 26. Bh6+ Ke8 27. Nc4 Qd7 28. Qg8+ Bf8 29. Qxf8# {Black checkmated} 1-0

[Event "FICS rated blitz game"]
[Site "FICS freechess.org"]
[FICSGamesDBGameNo "20003082"]
[White "Hugi"]
[Black "shrid"]
[WhiteElo "1440"]
[BlackElo "1392"]
[WhiteRD "na"]
[BlackRD "na"]
[TimeControl "180+0"]
[Date "1999.10.26"]
[Time "04:53:00"]
[WhiteClock "0:03:00.000"]
[BlackClock "0:03:00.000"]
[ECO "A00"]
[PlyCount "68"]
[Result "0-1"]

1. b4 Nf6 2. Bb2 d5 3. e3 Nbd7 4. d4 e6 5. c4 c6 6. c5 b5 7. Nf3 a5 8. a3 axb4 9. axb4 Bb7 10. Nbd2 Be7 11. Be2 O-O 12. O-O Qc7 13. Qc2 h6 14. Bd3 e5 15. dxe5 Nxe5 16. Bxe5 Qd7 17. Bxf6 Bxf6 18. Rxa8 Rxa8 19. e4 dxe4 20. Bxe4 Rd8 21. Nb3 Qg4 22. Bh7+ Kf8 23. Rd1 Re8 24. Bf5 Qf4 25. Qe4 Rxe4 26. Bxe4 Qxe4 27. h3 Qc2 28. Rd7 Qxb3 29. Rxb7 Qxb4 30. Rb8+ Ke7 31. Rb7+ Ke6 32. Rc7 Qxc5 33. Rxc6+ Qxc6 34. Nd4+ Bxd4 {White resigns} 0-1

[Event "FICS rated blitz game"]
[Site "FICS freechess.org"]
[FICSGamesDBGameNo "20003081"]
[White "gkinf"]
[Black "Penseroso"]
[WhiteElo "1436"]
[BlackElo "1318"]
[WhiteRD "na"]
[BlackRD "na"]
[TimeControl "180+0"]
[Date "1999.10.26"]
[Time "04:20:00"]
[WhiteClock "0:03:00.000"]
[BlackClock "0:03:00.000"]
[ECO "A08"]
[PlyCount "49"]
[Result "1-0"]

1. Nf3 c5 2. g3 d5 3. Bg2 Nf6 4. d3 e6 5. b3 Nc6 6. Bb2 Be7 7. Nbd2 b5 8. O-O a5 9. Re1 Rb8 10. e4 a4 11. exd5 Nxd5 12. Bxg7 Rg8 13. Bb2 c4 14. dxc4 bxc4 15. Nxc4 Na5 16. Nxa5 Qxa5 17. Ne5 Bb7 18. Nc4 Qb5 19. Bf1 Qd7 20. Ne5 Qc7 21. Bb5+ Kf8 22. Qh5 Rg7 23. Nd7+ Kg8 24. c4 Rd8 25. cxd5 {Black forfeits on time} 1-0

[Event "FICS rated blitz game"]
[Site "FICS freechess.org"]
[FICSGamesDBGameNo "20003080"]
[White "Milla"]
[Black "Mafmu"]
[WhiteElo "1015"]
[BlackElo "846"]
[WhiteRD "na"]
[BlackRD "na"]
[TimeControl "300+6"]
[Date "1999.10.26"]
[Time "03:49:00"]
[WhiteClock "0:05:00.000"]
[BlackClock "0:05:00.000"]
[ECO "C55"]
[PlyCount "46"]
[Result "0-1"]

1. e4 e5 2. Nf3 Nc6 3. Bc4 Nf6 4. d4 Nxe4 5. d5 Nd6 6. Bb3 Na5 7. O-O Nxb3 8. axb3 Nf5 9. Nxe5 d6 10. Nf3 b6 11. Re1+ Be7 12. Nc3 O-O 13. Qd3 Nh4 14. Nxh4 Bxh4 15. Nb5 Bd7 16. c4 Bxb5 17. cxb5 Re8 18. Rxe8+ Qxe8 19. g3 Bf6 20. Qc4 h6 21. Qc6 Qxc6 22. bxc6 Re8 23. Kg2 a5 {White forfeits on time} 0-1

[Event "FICS rated blitz game"]
[Site "FICS freechess.org"]
[FICSGamesDBGameNo "20003079"]
[White "socksshep"]
[Black "ipa"]
[WhiteElo "1135"]
[BlackElo "1138"]
[WhiteRD "na"]
[BlackRD "na"]
[TimeControl "240+0"]
[Date "1999.10.26"]
[Time "03:27:00"]
[WhiteClock "0:04:00.000"]
[BlackClock "0:04:00.000"]
[ECO "A07"]
[PlyCount "59"]
[Result "1-0"]

1. Nf3 d5 2. g3 Bg4 3. Bg2 Bxf3 4. exf3 e5 5. O-O Nf6 6. d3 Bd6 7. Re1 O-O 8. Nd2 d4 9. b3 Bb4 10. Bb2 Bxd2 11. Qxd2 Nc6 12. c3 dxc3 13. Bxc3 Nd5 14. Bxe5 f6 15. Bb2 a5 16. f4 Nde7 17. Bxc6 Nxc6 18. Rac1 Nb4 19. d4 c5 20. d5 Nxd5 21. Rxc5 Nb4 22. Qxd8 Rfxd8 23. Re7 Nd3 24. Rcc7 g6 25. Rg7+ Kf8 26. Rcf7+ Ke8 27. Re7+ Kf8 28. Rgf7+ Kg8 29. Rxh7 Rf8 30. Reg7# {Black checkmated} 1-0

[Event "FICS rated blitz game"]
[Site "FICS freechess.org"]
[FICSGamesDBGameNo "20003078"]
[White "Chessax"]
[Black "alv"]
[WhiteElo "1358"]
[BlackElo "1237"]
[WhiteRD "na"]
[BlackRD "na"]
[TimeControl "240+0"]
[Date "1999.10.26"]
[Time "02:16:00"]
[WhiteClock "0:04:00.000"]
[BlackClock "0:04:00.000"]
[ECO "C55"]
[PlyCount "65"]
[Result "1-0"]

1. e4 e5 2. Nf3 Nc6 3. Bc4 Nf6 4. d3 Bb4+ 5. c3 Bc5 6. b4 h6 7. O-O O-O 8. bxc5 d6 9. Be3 Bg4 10. Qe2 d5 11. exd5 Nxd5 12. Bb3 Re8 13. h3 Bh5 14. g4 Bg6 15. c4 Ndb4 16. a3 Nxd3 17. Nc3 e4 18. Nd4 Nxc5 19. Rab1 Na5 20. Rfd1 Qf6 21. Bc2 b6 22. Na4 Rad8 23. Nxc5 bxc5 24. Nb5 Qb6 25. a4 Rxd1+ 26. Qxd1 Nxc4 27. Nc3 Qf6 28. Bxc5 Qxc3 29. Rb3 Qf6 30. Bd4 Qd6 31. Kg2 Qe6 32. Kf1 Rd8 33. a5 {Black forfeits on time} 1-0

[Event "FICS rated blitz game"]
[Site "FICS freechess.org"]
[FICSGamesDBGameNo "20003077"]
[White "Dropshot"]
[Black "Taras"]
[WhiteElo "1261"]
[BlackElo "1391"]
[WhiteRD "na"]
[BlackRD "na"]
[TimeControl "300+0"]
[Date "1999.10.26"]
[Time "02:16:00"]
[WhiteClock "0:05:00.000"]
[BlackClock "0:05:00.000"]
[ECO "B00"]
[PlyCount "46"]
[Result "0-1"]

1. e4 b6 2. d4 Bb7 3. Bd3 e6 4. c4 c5 5. d5 exd5 6. exd5 Nf6 7. Nc3 h6 8. Nf3 Be7 9. O-O O-O 10. Bf4 a6 11. d6 Nh5 12. dxe7 Qxe7 13. Re1 Qf6 14. Be5 Qd8 15. Qc2 Bxf3 16. gxf3 Qg5+ 17. Kh1 Nc6 18. Rg1 Qxe5 19. Ne4 Nd4 20. Qc3 f5 21. Rae1 Qf4 22. Ng3 Nxf3 23. Nxh5 Qxh2# {White checkmated} 0-1

[Event "FICS rated blitz game"]
[Site "FICS freechess.org"]
[FICSGamesDBGameNo "20003076"]
[White "jeremyMc"]
[Black "deathbird"]
[WhiteElo "1071"]
[BlackElo "1066"]
[WhiteRD "na"]
[BlackRD "na"]
[TimeControl "300+12"]
[Date "1999.10.26"]
[Time "02:04:00"]
[WhiteClock "0:05:00.000"]
[BlackClock "0:05:00.000"]
[ECO "B07"]
[PlyCount "61"]
[Result "1-0"]

1. e4 Nf6 2. Nc3 d6 3. d4 Nc6 4. Bg5 e6 5. d5 Ne5 6. Nf3 h6 7. Bxf6 Qxf6 8. Bb5+ Bd7 9. Nxe5 dxe5 10. Bxd7+ Kxd7 11. O-O Bb4 12. dxe6+ Kxe6 13. Qd5+ Ke7 14. Qxb7 Bd6 15. Nd5+ Ke6 16. Nxf6 Kxf6 17. Qd5 g5 18. c4 Rhd8 19. c5 Be7 20. Qc6+ Kg7 21. Qxc7 Kf8 22. Qxe5 f6 23. Qc3 Rac8 24. Rac1 Rxc5 25. Qh3 Rxc1 26. Rxc1 Kg7 27. g3 Re8 28. Qd7 Kf8 29. Qxa7 Bd6 30. Qh7 Rxe4 31. Qxe4 {Black resigns} 1-0

[Event "FICS rated blitz game"]
[Site "FICS freechess.org"]
[FICSGamesDBGameNo "20003074"]
[White "Chessnull"]
[Black "martingale"]
[WhiteElo "1627"]
[BlackElo "1479"]
[WhiteRD "na"]
[BlackRD "na"]
[TimeControl "180+0"]
[Date "1999.10.26"]
[Time "01:29:00"]
[WhiteClock "0:03:00.000"]
[BlackClock "0:03:00.000"]
[ECO "A21"]
[PlyCount "134"]
[Result "1/2-1/2"]

1. c4 e5 2. Nc3 d6 3. g3 Bf5 4. Bg2 Ne7 5. d3 Nd7 6. Nf3 h6 7. Nh4 Bh7 8. O-O Ng6 9. Nxg6 Bxg6 10. a3 Be7 11. b4 Bg5 12. Bb2 Bf6 13. Nd5 c6 14. Nxf6+ Nxf6 15. Rc1 Ng4 16. d4 e4 17. d5 O-O 18. dxc6 bxc6 19. Qd4 f6 20. Rfd1 Nxf2 21. Kxf2 Qb6 22. Qxb6 axb6 23. Rxd6 Rfe8 24. e3 Bf7 25. Rxc6 f5 26. c5 bxc5 27. R6xc5 Rad8 28. R1c2 Rd1 29. Rxf5 Red8 30. Re2 Bc4 31. Rc2 R1d2+ 32. Rxd2 Rxd2+ 33. Ke1 Rxg2 34. Bd4 Re2+ 35. Kd1 Rxh2 36. Rc5 Bd3 37. b5 Rh1+ 38. Kd2 Rb1 39. a4 Rb4 40. Rc8+ Kf7 41. b6 Rxa4 42. b7 Ra2+ 43. Kc3 Rc2+ 44. Kb3 Rc1 45. b8=Q Rb1+ 46. Kc3 Rxb8 47. Rxb8 Ke6 48. Rb7 g5 49. Bg7 h5 50. Bh6 g4 51. Bg7 Kf5 52. Bd4 Kg6 53. Rb5 Kh6 54. Kb4 Kg6 55. Kc5 Bxb5 56. Kd6 Kg5 57. Ke5 h4 58. gxh4+ Kxh4 59. Kxe4 Kh3 60. Be5 Bc6+ 61. Kd4 g3 62. Bxg3 Kxg3 63. Kc5 Ba8 64. Kd4 Kf3 65. Kd3 Bd5 66. Kd2 Bc4 67. Kc3 Kxe3 {Neither player has mating material} 1/2-1/2

[Event "FICS rated blitz game"]
[Site "FICS freechess.org"]
[FICSGamesDBGameNo "20003073"]
[White "ThinKing"]
[Black "mps"]
[WhiteElo "1398"]
[BlackElo "1468"]
[WhiteRD "na"]
[BlackRD "na"]
[TimeControl "360+12"]
[Date "1999.10.26"]
[Time "00:10:00"]
[WhiteClock "0:06:00.000"]
[BlackClock "0:06:00.000"]
[ECO "A07"]
[PlyCount "104"]
[Result "0-1"]

1. Nf3 d5 2. g3 Nc6 3. Bg2 e5 4. d3 Nf6 5. O-O h6 6. Nbd2 Be6 7. e4 d4 8. b3 Qd7 9. Bb2 Bh3 10. c3 Bxg2 11. Kxg2 dxc3 12. Bxc3 Bd6 13. Re1 O-O-O 14. d4 h5 15. dxe5 Nxe5 16. Bxe5 Bxe5 17. Nxe5 Qxd2 18. Nxf7 Qxd1 19. Raxd1 Rxd1 20. Rxd1 Rf8 21. e5 Rxf7 22. exf6 Rxf6 23. f4 c5 24. Kf3 Re6 25. Rd2 Kc7 26. h3 b5 27. Rd5 Kc6 28. Rxh5 c4 29. bxc4 bxc4 30. Re5 Rxe5 31. fxe5 Kd5 32. e6 Kxe6 33. Ke4 c3 34. Kd3 Ke5 35. a4 c2 36. Kxc2 Ke4 37. Kc3 Kf3 38. Kb4 Kxg3 39. Kb5 Kxh3 40. Ka6 g5 41. Kxa7 g4 42. Kb6 g3 43. a5 g2 44. a6 g1=Q+ 45. Kb7 Qb1+ 46. Kc7 Qc2+ 47. Kb8 Qb3+ 48. Ka8 Qd5+ 49. Kb8 Qd6+ 50. Kb7 Qd7+ 51. Ka8 Qc7 52. a7 Qc8# {White checkmated} 0-1

[Event "FICS rated blitz game"]
[Site "FICS freechess.org"]
[FICSGamesDBGameNo "20003072"]
[White "perfessor"]
[Black "Hammondite"]
[WhiteElo "1642"]
[BlackElo "1469"]
[WhiteRD "na"]
[BlackRD "na"]
[TimeControl "120+12"]
[Date "1999.10.25"]
[Time "23:57:00"]
[WhiteClock "0:02:00.000"]
[BlackClock "0:02:00.000"]
[ECO "B01"]
[PlyCount "55"]
[Result "1-0"]

1. e4 d5 2. exd5 Qxd5 3. Nc3 Qa5 4. d4 e5 5. Nf3 Bg4 6. Be2 exd4 7. Nxd4 Bxe2 8. Qxe2+ Be7 9. O-O Nd7 10. Qf3 O-O-O 11. Nb3 Qb6 12. Be3 Qf6 13. Qe2 Kb8 14. Bd4 Qc6 15. Bxg7 Bf6 16. Bxh8 Bxh8 17. Rad1 Bxc3 18. bxc3 Ngf6 19. Qe7 Rg8 20. g3 h5 21. Nd4 Qxc3 22. Rd3 Qa5 23. Rfd1 h4 24. Nf3 hxg3 25. hxg3 Qb6 26. Ne5 Nd5 27. Nxd7+ Kc8 28. Nxb6+ {Black resigns} 1-0

[Event "FICS rated blitz game"]
[Site "FICS freechess.org"]
[FICSGamesDBGameNo "20003071"]
[White "Daichan"]
[Black "bsl"]
[WhiteElo "1706"]
[BlackElo "2119"]
[WhiteRD "na"]
[BlackRD "na"]
[TimeControl "240+6"]
[Date "1999.10.25"]
[Time "23:32:00"]
[WhiteClock "0:04:00.000"]
[BlackClock "0:04:00.000"]
[ECO "B44"]
[PlyCount "104"]
[Result "0-1"]

1. e4 c5 2. Nf3 Nc6 3. d4 cxd4 4. Nxd4 e6 5. Bc4 a6 6. O-O Nf6 7. Re1 Qc7 8. Nxc6 bxc6 9. Nc3 Bb4 10. Bg5 Bxc3 11. bxc3 Qa5 12. Qd2 Qc5 13. Bb3 d6 14. Rad1 Ke7 15. e5 dxe5 16. Be3 Qa3 17. f3 Bb7 18. Qf2 Nd7 19. Rxd7+ Kxd7 20. Bc5 Qa5 21. Bb4 Qc7 22. Rd1+ Kc8 23. g4 Rd8 24. Re1 c5 25. Bxc5 Qc6 26. Bb6 Qxf3 27. Qc5+ Qc6 28. Qxc6+ Bxc6 29. Bxd8 Kxd8 30. Rxe5 a5 31. a4 Kc7 32. Kf2 Kd6 33. Re2 Re8 34. h4 f6 35. Ke3 e5 36. Rd2+ Kc5 37. Rd1 Rf8 38. Rd2 g6 39. Rh2 f5 40. gxf5 gxf5 41. h5 f4+ 42. Kf2 e4 43. Rh4 e3+ 44. Ke2 f3+ 45. Kxe3 f2 46. Bc4 Rf3+ 47. Kd2 f1=Q 48. Bxf1 Rxf1 49. h6 Rf5 50. Kd3 Rd5+ 51. Rd4 Bxa4 52. Ke3 Bxc2 {White resigns} 0-1

[Event "FICS rated lightning game"]
[Site "FICS freechess.org"]
[FICSGamesDBGameNo "20003070"]
[White "TheElusive"]
[Black "MiranoOfBosnia"]
[WhiteElo "1557"]
[BlackElo "2031"]
[WhiteRD "na"]
[BlackRD "na"]
[TimeControl "60+0"]
[Date "1999.10.25"]
[Time "23:04:00"]
[WhiteClock "0:01:00.000"]
[BlackClock "0:01:00.000"]
[ECO "B16"]
[PlyCount "48"]
[Result "0-1"]

1. e4 c6 2. d4 d5 3. Nd2 dxe4 4. Nxe4 Nf6 5. Nxf6+ gxf6 6. Bd3 Qxd4 7. Nf3 Qd8 8. Qe2 Bg4 9. Be3 Nd7 10. O-O-O Qa5 11. Kb1 O-O-O 12. h3 Bh5 13. g4 Bg6 14. Nd4 e6 15. Nb3 Qa4 16. h4 Be7 17. h5 Bxd3 18. Rxd3 Ne5 19. Rxd8+ Rxd8 20. g5 fxg5 21. Bxa7 Qxa7 22. Qxe5 Qb6 23. f4 gxf4 24. Qxf4 f5 {White forfeits on time} 0-1

[Event "FICS rated blitz game"]
[Site "FICS freechess.org"]
[FICSGamesDBGameNo "20003069"]
[White "BabyBlue"]
[Black "yourfriend"]
[WhiteElo "1451"]
[BlackElo "1477"]
[WhiteRD "na"]
[BlackRD "na"]
[TimeControl "300+0"]
[Date "1999.10.25"]
[Time "21:59:00"]
[WhiteClock "0:05:00.000"]
[BlackClock "0:05:00.000"]
[ECO "C66"]
[PlyCount "70"]
[Result "0-1"]

1. e4 e5 2. Nf3 Nc6 3. Bb5 Nf6 4. O-O d6 5. Re1 Bg4 6. h3 Bh5 7. c3 Be7 8. d4 exd4 9. cxd4 O-O 10. Bxc6 bxc6 11. b4 d5 12. e5 Ne4 13. Qd3 Bxb4 14. Rd1 Rb8 15. Bd2 Bxd2 16. Nbxd2 Nxd2 17. Qxd2 Bxf3 18. gxf3 Qh4 19. Kg2 Rfe8 20. Rac1 Re6 21. Qa5 Rg6+ 22. Kf1 Qxh3+ 23. Ke2 Rb6 24. Qxa7 Rb2+ 25. Rd2 Rxd2+ 26. Kxd2 h6 27. Qb8+ Kh7 28. Qxc7 Qxf3 29. Rf1 Qf4+ 30. Kc3 Qf3+ 31. Kb2 Qe2+ 32. Ka3 Qxf1 33. e6 fxe6 34. Qxc6 Qxf2 35. Qc3 Rg3 {White resigns} 0-1

[Event "FICS rated blitz game"]
[Site "FICS freechess.org"]
[FICSGamesDBGameNo "20003067"]
[White "Yerffej"]
[Black "MajGreg"]
[WhiteElo "1091"]
[BlackElo "1335"]
[WhiteRD "na"]
[BlackRD "na"]
[TimeControl "300+12"]
[Date "1999.10.25"]
[Time "20:52:00"]
[WhiteClock "0:05:00.000"]
[BlackClock "0:05:00.000"]
[ECO "D02"]
[PlyCount "154"]
[Result "0-1"]

1. d4 d5 2. Nf3 Nc6 3. Ne5 Nxe5 4. dxe5 e6 5. e4 c6 6. c4 Ne7 7. Bg5 g6 8. Bf6 Rg8 9. Bd3 dxe4 10. Bc2 Qxd1+ 11. Bxd1 Bg7 12. O-O Bxf6 13. exf6 Nf5 14. Ba4 Bd7 15. Nd2 O-O-O 16. Nxe4 Kc7 17. Ng5 Nd6 18. c5 Nc4 19. Nxf7 Rdf8 20. Ng5 Rxf6 21. Nxh7 Rf5 22. Bc2 Rxc5 23. Nf6 Rg7 24. Nxd7 Kxd7 25. Rad1+ Nd6 26. Rd2 Ke7 27. Rfd1 Rd5 28. Bb3 Rxd2 29. Rxd2 Ne4 30. Re2 Nc5 31. Bc4 b5 32. Bb3 Nxb3 33. axb3 a5 34. Re4 Rf7 35. f3 Rf5 36. Kf2 Rc5 37. Re3 Rc2+ 38. Re2 Rxe2+ 39. Kxe2 Kd6 40. Kd3 Kc5 41. Kc3 e5 42. g4 b4+ 43. Kd3 Kd5 44. h4 Ke6 45. g5 Kf5 46. Kc4 Kf4 47. Kc5 Kxf3 48. h5 e4 49. h6 e3 50. h7 e2 51. h8=Q e1=Q 52. Qf6+ Kg4 53. Qd4+ Kh5 54. Qf6 Qc1+ 55. Kb6 c5 56. Kxa5 Qxg5 57. Qf3+ Qg4 58. Qe3 Qf5 59. Kb5 g5 60. Qe2+ g4 61. Qh2+ Kg5 62. Qd2+ Qf4 63. Qd5+ Qf5 64. Qd2+ Kf6 65. Kc4 Qg5 66. Kd3 Qd5+ 67. Ke2 Qxd2+ 68. Kxd2 Kf5 69. Ke2 Kf4 70. Kf2 g3+ 71. Kg2 Kg4 72. Kg1 Kf3 73. Kh1 c4 74. bxc4 Kf2 75. c5 g2+ 76. Kh2 g1=Q+ 77. Kh3 Qg3# {White checkmated} 0-1

[Event "FICS rated blitz game"]
[Site "FICS freechess.org"]
[FICSGamesDBGameNo "20003066"]
[White "GilFish"]
[Black "corvallao"]
[WhiteElo "1728"]
[BlackElo "1526"]
[WhiteRD "na"]
[BlackRD "na"]
[TimeControl "300+0"]
[Date "1999.10.25"]
[Time "20:50:00"]
[WhiteClock "0:05:00.000"]
[BlackClock "0:05:00.000"]
[ECO "B01"]
[PlyCount "111"]
[Result "1-0"]

1. e4 d5 2. exd5 Nf6 3. c4 e6 4. dxe6 Bxe6 5. d4 Bb4+ 6. Bd2 Qe7 7. Nc3 Bxc4+ 8. Be2 Nc6 9. Nf3 O-O-O 10. Qa4 Bxe2 11. Nxe2 Bxd2+ 12. Nxd2 Rhe8 13. O-O Qxe2 14. Nf3 Qa6 15. Qb3 Nxd4 16. Nxd4 Rxd4 17. Qxf7 Rd7 18. Qb3 Qb6 19. Qh3 Kb8 20. Rac1 Qe6 21. Qc3 c6 22. h3 Nd5 23. Qc2 g5 24. Rfe1 Qf7 25. Qc5 Rxe1+ 26. Rxe1 Rc7 27. b4 b6 28. Qd4 Qf6 29. Qg4 Rf7 30. Re8+ Kc7 31. Qc8+ Kd6 32. Rd8+ Ke5 33. Re8+ Re7 34. Rf8 Qe6 35. Qb8+ Nc7 36. Qxa7 Kd5 37. Qxb6 Qe1+ 38. Kh2 Qe5+ 39. g3 Qd6 40. Rf5+ Re5 41. Rf7 Nb5 42. a4 Nd4 43. a5 Re7 44. Rf8 Nb5 45. Rd8 Rd7 46. Rxd7 Qxd7 47. Qc5+ Ke6 48. Qxg5 Qd4 49. Qg4+ Qxg4 50. hxg4 Kd5 51. f4 Kc4 52. f5 Kxb4 53. f6 Nd4 54. f7 Nf3+ 55. Kg2 Ng5 56. a6 {Black resigns} 1-0

[Event "FICS rated blitz game"]
[Site "FICS freechess.org"]
[FICSGamesDBGameNo "20003065"]
[White "Checkout"]
[Black "thomson"]
[WhiteElo "1537"]
[BlackElo "1458"]
[WhiteRD "na"]
[BlackRD "na"]
[TimeControl "300+14"]
[Date "1999.10.25"]
[Time "20:47:00"]
[WhiteClock "0:05:00.000"]
[BlackClock "0:05:00.000"]
[ECO "B53"]
[PlyCount "166"]
[Result "0-1"]

1. e4 c5 2. Nf3 d6 3. d4 cxd4 4. Qxd4 Nc6 5. Bb5 Qa5+ 6. Nc3 Qxb5 7. Nxb5 Nxd4 8. Nfxd4 Kd8 9. Be3 Bd7 10. O-O e5 11. Nxa7 Rxa7 12. Ne6+ Bxe6 13. Bxa7 Nf6 14. Bb6+ Kd7 15. f3 Be7 16. b3 Rc8 17. c4 Bd8 18. Bxd8 Rxd8 19. Rfd1 Kc7 20. Rd2 b6 21. Rad1 Ne8 22. Kf2 Kc6 23. Ke3 Nc7 24. g3 b5 25. cxb5+ Nxb5 26. f4 Bg4 27. Rc1+ Kb6 28. fxe5 Rd7 29. exd6 Rxd6 30. Rxd6+ Nxd6 31. e5 Nb5 32. a4 Na3 33. Kf4 Be6 34. Rc3 Nb1 35. Rd3 Ka5 36. g4 Kb4 37. h4 Bxb3 38. Rd4+ Ka5 39. Kf5 Be6+ 40. Kf4 Nc3 41. Ke3 Nxa4 42. g5 Nc3 43. h5 Nd5+ 44. Kf3 g6 45. hxg6 hxg6 46. Ke4 Ne7 47. Rd1 Kb5 48. Kf4 Kc5 49. Ke4 Nf5 50. Rc1+ Kb6 51. Kf4 Nd4 52. Ke3 Nc6 53. Ke4 Kc7 54. Rd1 Ne7 55. Rd6 Nf5 56. Rd2 Kc6 57. Kf4 Ne7 58. Rd6+ Kc5 59. Ke4 Nd5 60. Rd8 Nc3+ 61. Ke3 Kc4 62. Rd4+ Kc5 63. Rd8 Nd5+ 64. Ke4 Bf5+ 65. Kf3 Kd4 66. Rf8 Be6 67. Rb8 Kxe5 68. Rb1 Kf5 69. Rg1 Nc3 70. Ke3 Ne4 71. Kf3 Nxg5+ 72. Ke3 Ne4 73. Rf1+ Ke5 74. Re1 f5 75. Rg1 Kf6 76. Kf4 g5+ 77. Ke3 Ke5 78. Rh1 f4+ 79. Kf3 g4+ 80. Kg2 f3+ 81. Kg1 Kf4 82. Rh6 Bc4 83. Rb6 f2+ {White resigns} 0-1

[Event "FICS rated blitz game"]
[Site "FICS freechess.org"]
[FICSGamesDBGameNo "20003064"]
[White "zumbione"]
[Black "vessoj"]
[WhiteElo "1798"]
[BlackElo "1740"]
[WhiteRD "na"]
[BlackRD "na"]
[TimeControl "180+0"]
[Date "1999.10.25"]
[Time "19:59:00"]
[WhiteClock "0:03:00.000"]
[BlackClock "0:03:00.000"]
[ECO "C64"]
[PlyCount "70"]
[Result "0-1"]

1. e4 e5 2. Nf3 Nc6 3. Bb5 Bc5 4. O-O Nge7 5. c3 O-O 6. d4 exd4 7. cxd4 Bb6 8. Nc3 d6 9. Bg5 Bg4 10. d5 Ne5 11. Be2 f6 12. Bf4 N7g6 13. Bxe5 fxe5 14. h3 Bxf3 15. Bxf3 Nf4 16. Kh2 Qh4 17. Bg4 Bxf2 18. Qf3 Ng6 19. Qd3 Nf4 20. Qf3 Bb6 21. g3 Qg5 22. gxf4 Rxf4 23. Be6+ Kh8 24. Qg3 Qf6 25. Bf5 g5 26. Ne2 Rh4 27. Bxh7 Qh6 28. Bf5 Rg8 29. Bg4 a6 30. Rf5 Ba5 31. Raf1 Bd2 32. Kg2 Bf4 33. Nxf4 gxf4 34. Qf3 b6 35. Qf2 a5 {White forfeits on time} 0-1

[Event "FICS rated blitz game"]
[Site "FICS freechess.org"]
[FICSGamesDBGameNo "20003063"]
[White "chirochess"]
[Black "janyhof"]
[WhiteElo "1509"]
[BlackElo "1515"]
[WhiteRD "na"]
[BlackRD "na"]
[TimeControl "180+0"]
[Date "1999.10.25"]
[Time "18:24:00"]
[WhiteClock "0:03:00.000"]
[BlackClock "0:03:00.000"]
[ECO "A40"]
[PlyCount "35"]
[Result "1-0"]

1. d4 e6 2. e4 f5 3. exf5 exf5 4. Nc3 Nf6 5. Bg5 Be7 6. Bxf6 Bxf6 7. Bd3 d6 8. Nf3 O-O 9. Qd2 Nc6 10. O-O-O Nxd4 11. Nxd4 Bxd4 12. Bc4+ d5 13. Bxd5+ Kh8 14. Qxd4 c6 15. Bb3 Qg5+ 16. f4 Qxg2 17. Rdg1 Qf3 18. Qxg7# {Black checkmated} 1-0

[Event "FICS rated blitz game"]
[Site "FICS freechess.org"]
[FICSGamesDBGameNo "20003062"]
[White "turbotruth"]
[Black "Nietzs"]
[WhiteElo "1710"]
[BlackElo "1475"]
[WhiteRD "na"]
[BlackRD "na"]
[TimeControl "300+5"]
[Date "1999.10.25"]
[Time "17:48:00"]
[WhiteClock "0:05:00.000"]
[BlackClock "0:05:00.000"]
[ECO "A50"]
[PlyCount "98"]
[Result "0-1"]

1. d4 Nf6 2. c4 Nc6 3. Nc3 d5 4. cxd5 Nxd5 5. e4 Nxc3 6. bxc3 e6 7. Bb5 Bd7 8. Nf3 a6 9. Ba4 Be7 10. O-O O-O 11. Be3 b5 12. Bb3 Na5 13. Ne5 Nxb3 14. axb3 Bf6 15. Nxd7 Qxd7 16. e5 Be7 17. Qd2 Rac8 18. Rxa6 Rfd8 19. Rfa1 c5 20. Bg5 Bxg5 21. Qxg5 h6 22. Qe3 cxd4 23. cxd4 Qxd4 24. Qxd4 Rxd4 25. Rb6 b4 26. g3 Rc3 27. Ra4 Rxb3 28. Rb7 Rb2 29. Ra8+ Kh7 30. Rxf7 Rbd2 31. Raa7 Rg4 32. Rfe7 b3 33. h3 Rg6 34. Rab7 b2 35. Kg2 Re2 36. Rb5 Rg5 37. Rxe6 Rf5 38. Reb6 Rfxf2+ 39. Kg1 Rc2 40. e6 Rfd2 41. Rf5 Rc1+ 42. Rf1 Rxf1+ 43. Kxf1 Rd1+ 44. Ke2 b1=Q 45. Rxb1 Rxb1 46. g4 Kg6 47. h4 Kf6 48. g5+ hxg5 49. hxg5+ Kxe6 {White resigns} 0-1

[Event "FICS rated lightning game"]
[Site "FICS freechess.org"]
[FICSGamesDBGameNo "20003061"]
[White "JohnX"]
[Black "patanacca"]
[WhiteElo "1539"]
[BlackElo "1506"]
[WhiteRD "na"]
[BlackRD "na"]
[TimeControl "60+0"]
[Date "1999.10.25"]
[Time "17:47:00"]
[WhiteClock "0:01:00.000"]
[BlackClock "0:01:00.000"]
[ECO "D02"]
[PlyCount "34"]
[Result "0-1"]

1. d4 d5 2. Nf3 Nf6 3. c4 Bg4 4. Nc3 dxc4 5. Ne5 Bf5 6. Nxc4 e6 7. e3 c6 8. Ne5 Be7 9. Bd3 Bxd3 10. Qxd3 Nbd7 11. Nxd7 Qxd7 12. O-O O-O-O 13. Rd1 Qc7 14. Qe2 h5 15. Bd2 Ng4 16. h3 Qh2+ 17. Kf1 Qh1# {White checkmated} 0-1